 Dungeon Crawl Stone Soup version 0.28.0-49-g6dfe1f597d (webtiles) character file.

Game seed: 13318018089685572751

128 klau3 the Chopper (level 4, -10/41 HPs)
             Began as a Minotaur Berserker on May 16, 2022.
             Was a Believer of Trog.
             Killed by divine providence
             ... invoked by an orc priest
              (12 damage)
             ... on level 3 of the Dungeon.
             The game lasted 00:05:35 (2160 turns).

klau3 the Chopper (Minotaur Berserker)              Turns: 2160, Time: 00:05:36

Health: -10/41     AC:  6    Str: 24    XL:     4   Next: 86%
Magic:  3/3        EV: 11    Int:  4    God:    Trog [**....]
Gold:   22         SH:  5    Dex:  9    Spells: 3/3 levels left

rFire   . . .      SeeInvis .   a - +0 hand axe
rCold   . . .      Faith    .   (no shield)
rNeg    . . .      Spirit   .   d - +0 ring mail
rPois   .          Reflect  +   (helmet restricted)
rElec   .          Harm     .   (no cloak)
rCorr   .          Rampage  .   (no gloves)
Will    .....                   f - +0 pair of boots
Stlth   ..........              j - amulet of reflection
HPRegen 0.13/turn               m - ring of flight
MPRegen 0.08/turn               (no ring)

@: on berserk cooldown, flying, slowed, very slow
A: horns 2, retaliatory headbutt
a: Renounce Religion, Berserk, Trog's Hand


You were on level 3 of the Dungeon.
You worshipped Trog.
Trog was pleased with you.
You visited 1 branch of the dungeon, and saw 3 of its levels.

You collected 22 gold pieces.

Inventory:

Hand Weapons
 a - a +0 hand axe (weapon)
 n - the +9 whip "Vymyesan" {pain, rElec rPois rN+}
   (You found it on level 2 of the Dungeon)

   In the hands of one skilled in necromantic magic, it inflicts extra damage on
   living creatures.
   rElec:     It insulates you from electricity.
   rPois:     It protects you from poison.
   rN:        It protects you from negative energy.
   Trog disapproves of the use of such an item.
Missiles
 c - 3 poisoned darts (quivered)
 q - 5 boomerangs
Armour
 b - a +0 animal skin
 d - a +0 ring mail (worn)
 f - a +0 pair of boots (worn)
 o - a +0 chain mail
Jewellery
 j - an amulet of reflection (around neck)
 m - a ring of flight (left hand)
Scrolls
 g - 2 scrolls of identify {unknown}
 h - a scroll of fog {unknown}
 i - 3 scrolls of teleportation {unknown}
Potions
 e - a potion of resistance {unknown}
 k - a potion of brilliance {unknown}
 l - a potion of mutation {unknown}
 p - a potion of haste {unknown}
 r - a potion of magic {unknown}


   Skills:
 + Level 4.5 Fighting
 + Level 5.2 Axes
 + Level 3.0 Armour
 + Level 3.0 Dodging
 + Level 0.3 Stealth
 + Level 0.4 Shields


You had 3 spell levels left.
You didn't know any spells.
Your spell library was empty.

Dungeon Overview and Level Annotations

Branches:
Dungeon (3/15)

Altars:


Innate Abilities, Weirdness & Mutations

You have a pair of horns on your head.
You reflexively headbutt those who attack you in melee.


Message History

Trog accepts your kill.
You hear a splash. x2
The gnoll splashes around in the water.
The ball python closely misses you. You block the ball python's attack.
The orc hits you but does no damage. The ball python closely misses you.
You furiously retaliate!
You headbutt the ball python!
You kill the ball python!
Trog accepts your kill. You block the orc's attack.
The orc hits you but does no damage.
Found 3 poisoned darts.
The gnoll barely misses you.
There are monsters nearby!
There are monsters nearby!
The gnoll completely misses you.
The orc priest mumbles some strange prayers to Beogh against you.
Beogh smites you!
The gnoll hits you from afar with a +0 halberd.
* * * LOW HITPOINT WARNING * * *
The orc priest calls down the wrath of Beogh upon you.
Beogh smites you!
* * * LOW HITPOINT WARNING * * *
Throw: 5 darts (poison)
Press: ? - help, Q - select action, (/) - cycle Shift-Dir - straight line, f - gnoll
Aim: a gnoll, wielding a +0 halberd (60% to hit)
You throw a poisoned dart.
The poisoned dart barely misses the gnoll.
The poisoned dart hits the orc priest.
The orc priest is poisoned.
You hear a splash.
Throw: 4 darts (poison)
Press: ? - help, Q - select action, (/) - cycle Shift-Dir - straight line, f/p - gnoll
Aim: a gnoll, wielding a +0 halberd (60% to hit)
You throw a poisoned dart.
The poisoned dart barely misses the gnoll.
The poisoned dart hits the orc priest.
The orc priest is lightly wounded.
You hear a splash.
The orc priest invokes the aid of Beogh against you.
Beogh smites you!
You die...

##!. (.# #.. #.#
#.# #.#
####.########.#
.≈.≈.≈.≈...##.#
.≈....≈....≈#.#
.≈≈≈........≈o##
≈≈≈.≈≈))≈≈≈.≈≈≈###
≈≈≈≈)≈≈).≈≈≈≈≈≈≈@#
.......≈....og####
#≈≈...≈..≈.####
########.### ..#
#.# .....# #.#
o###...#.# .. #.
.# ...


You could see an orc priest (poisoned), a gnoll and an orc.

Vanquished Creatures
  2 gnolls (D:3)
  6 adders
  A dart slug (D:1)
  2 orcs (D:3)
  3 ball pythons
  5 endoplasms
  5 hobgoblins
  6 jackals
  4 kobolds
  8 bats
  3 frilled lizards (D:1)
  2 goblins
  3 rats
50 creatures vanquished.

Notes
Turn   | Place    | Note
-------+----------+-------------------------------------------
     0 | D:1      | klau3 the Minotaur Berserker began the quest for the Orb.
     0 | D:1      | Reached XP level 1. HP: 19/19 MP: 0/0
   648 | D:1      | Reached skill level 4 in Axes
   678 | D:1      | Reached XP level 2. HP: 27/27 MP: 1/1
  1200 | D:2      | Reached XP level 3. HP: 32/33 MP: 2/2
  1204 | D:2      | Reached ** piety under Trog
  1503 | D:2      | Identified the +9 whip "Vymyesan" {pain, rElec rPois rN+}
  1680 | D:2      | Reached XP level 4. HP: 33/40 MP: 3/3
  1791 | D:2      | Reached skill level 5 in Axes
  2157 | D:3      | HP: 2/41 [orc priest/divine providence (9)]
  2160 | D:3      | Killed from afar by an orc priest

Illustrated notes

Levels and vault maps discovered:
D:1:      dpeg_arrival_radiant, layout_rooms
D:2:      layout_basic, minmay_misc_feat_x, hangedman_decor_diamond_cutter
D:3:      layout_rooms, beargit_hepliaklqana_dungeon_heroes, serial_rivers,
          chequers_serial_rivers_small_b, chequers_serial_rivers_small_3,
          chequers_serial_rivers_micro_b, chequers_serial_rivers_large_a,
          chequers_serial_rivers_micro_a, chequers_serial_rivers_micro_d,
          shapermc_ecumenical_altar_mp_urbaneastern, minmay_misc_feat_ornament

Skill      XL: |  1  2  3  4 |
---------------+-------------+-----
Axes           | 4 5 |  5.2
Fighting       | 4 |  4.5
Armour         | 3 |  3.0
Dodging        | 3 |  3.0
Stealth        | |  0.3
Shields        | |  0.4

Action                   |  1- 3 |  4- 6 || total
-------------------------+-------+-------++-------
Melee: Hand axe          |    59 |    25 ||    84
       Headbutt          |     4 |     1 ||     5
Throw: Dart              |       |     2 ||     2
Invok: Berserk           |     1 |     1 ||     2
Armor: Ring mail         |    31 |    13 ||    44
       Animal skin       |     2 |       ||     2
Dodge: Dodged            |    55 |    34 ||    89
Block: Other             |     4 |    19 ||    23
